 Dungeon Crawl Stone Soup version 0.24-a0-640-ge7cd8ce796 (webtiles) character file.

Game seed: 12266814168471196575, levelgen mode: deterministic

874 Dexcius the Firebug (level 7, -20/47 HPs)
             Began as a Demonspawn Fire Elementalist on Sept 24, 2019.
             Was an Initiate of Vehumet.
             Killed from afar by Ijyb (24 damage)
             ... with a bolt of acid
             ... on level 5 of the Dungeon.
             The game lasted 00:51:04 (5952 turns).

Dexcius the Firebug (Demonspawn Fire Elementalist)  Turns: 5952, Time: 00:51:05

Health: -20/47     AC:  3    Str:  6 (8)  XL:     7   Next: 74%
Magic:  0/14       EV: 14    Int: 16 (18) God:    Vehumet [......]
Gold:   257        SH:  3    Dex: 12 (14) Spells: 12/16 levels left

rFire    + . .     SeeInvis .   f - +1 mace
rCold    x . .     Gourm    .   h - +0 buckler {AC+3}
rNeg     . . .     Faith    +   b - +2 robe {MR+}
rPois    .         Spirit   .   (helmet restricted)
rElec    .         Reflect  .   (no cloak)
rCorr    .         Harm     .   (no gloves)
MR       +....                  (no boots)
Stlth    +++.......             e - amulet of faith
HPRegen  0.15/turn              k - ring of fire
MPRegen  0.14/turn              (no ring)

@: corroded
A: horns 1, repulsion field 1, nightstalker 1
a: Renounce Religion


You were on level 5 of the Dungeon.
You worshipped Vehumet.
Vehumet was noncommittal.
You were not hungry.

You visited 1 branch of the dungeon, and saw 5 of its levels.

You collected 257 gold pieces.

Inventory:

Hand Weapons
 f - a +1 mace (weapon)
Armour
 b - a +2 robe of magic resistance (worn)
 h - a +0 buckler of protection (worn)
Jewellery
 a - an uncursed amulet of the gourmand
 d - an uncursed ring of stealth {unknown}
 e - an amulet of faith (around neck)
 i - a cursed amulet of inaccuracy {unknown}
 k - a ring of fire (left hand)
 m - an uncursed ring of ice
 n - a cursed ring of teleportation {unknown}
Wands
 l - a wand of flame (22)
Scrolls
 o - 2 scrolls of remove curse {unknown}
 r - a scroll of blinking {unknown}
 s - a scroll of fog {unknown}
Potions
 g - a potion of curing
Comestibles
 c - 9 rations


   Skills:
 + Level 0.6 Fighting
 + Level 1.0 Maces & Flails
 + Level 2.5 Dodging
 + Level 2.7 Stealth
 + Level 0.4 Shields
 + Level 5.0 Spellcasting
 + Level 4.0 Conjurations
 + Level 5.0 Fire Magic


You had 12 spell levels left.
You knew the following spells:

 Your Spells              Type           Power        Failure   Level  Hunger
a - Flame Tongue          Conj/Fire      ####.        3%          1    None
b - Conjure Flame         Conj/Fire      ####....     11%         3    ###....

Your spell library contained the following spells:

 Spells                   Type           Power        Failure   Level  Hunger
 Throw Flame              Conj/Fire      ####..       5%          2    #......
 Inner Flame              Hex/Fire       ###.....     26%         3    ###....
 Sticky Flame             Conj/Fire      ####....     36%         4    ####...
 Fireball                 Conj/Fire      ####......   71%         5    ######.


Dungeon Overview and Level Annotations

Branches:
Dungeon (5/15)
 Temple: D:4-7

Altars:
Ashenzari
Cheibriados
Elyvilon
Vehumet

Annotations:
D:5 Ijyb, Pikel


Innate Abilities, Weirdness & Mutations

You have a pair of small horns on your head.
You are surrounded by a mild repulsion field. (EV +2)
You are slightly more attuned to the shadows.


Message History

Ijyb closely misses you.
Casting: Flame Tongue (safe; 3% risk of failure)
Confirm with . or Enter, or press ? or * to list all spells.
Aiming: Flame Tongue (safe; 3% risk of failure)
Press: ? - help, Shift-Dir - straight line, f/p - Pikel
Aim: Pikel, wielding a +0 whip of freezing and wearing a +0 robe (moderately wounded, unusually strong)
You feel a surge of power!
The flame tongue hits Ijyb.
Ijyb resists.
Ijyb is severely wounded.
Ijyb hits you with a +0 club.
* * * LOW HITPOINT WARNING * * *
Casting: Flame Tongue (safe; 3% risk of failure)
Confirm with . or Enter, or press ? or * to list all spells.
Aiming: Flame Tongue (safe; 3% risk of failure)
Press: ? - help, Shift-Dir - straight line, f/p - Pikel
Aim: Pikel, wielding a +0 whip of freezing and wearing a +0 robe (moderately wounded, unusually strong)
You feel a surge of power!
The flame tongue hits Ijyb.
Ijyb resists.
Ijyb is severely wounded.
Ijyb zaps a wand.
The bolt of acid hits you!!
Ouch! That really hurt!
You die...

#p# #.# ## #p# #.#
###### #.# #.# #.....
#.# #.# #.####
##p###.#####.####
##p..##...........
#K###..........>.. #g#
#...######.###
#@###.#.# #.#
##...##.# #.#
######.####.######.###
#......# #.#.........
#.###### #.#.#.......
#..## #.#.#.#####.
##.#.#######.....# #.
#..)..)........#.# #.
##...###########.# #.


You could see Pikel, a slave and Ijyb.

Vanquished Creatures
  2 slaves (D:5)
  A phantom (D:3)
  An elf zombie (D:4)
  2 hounds
  An orc priest (D:5)
  2 human zombies (D:4)
  2 human skeletons (D:4)
  Jessica (D:2)
  7 orc wizards
  3 worker ants
  A gnoll (D:1)
  10 adders
  A howler monkey skeleton (D:4)
  An ooze (D:2)
  6 worms
  A dart slug (D:1)
  A leopard gecko (D:3)
  11 orcs
  2 ball pythons (D:1)
  9 bats
  6 giant cockroaches
  6 goblins
  8 hobgoblins
  10 jackals
  2 quokkas (D:4)
  3 frilled lizards
  9 kobolds
  An orc skeleton (D:4)
  11 rats
121 creatures vanquished.

Notes
Turn   | Place    | Note
-------+----------+-------------------------------------------
     0 | D:1      | Dexcius the Demonspawn Fire Elementalist began the quest
                  | for the Orb.
     0 | D:1      | Reached XP level 1. HP: 13/13 MP: 3/3
   331 | D:1      | Gained mutation: You are slightly more attuned to the
                  | shadows. [demonic ancestry]
   331 | D:1      | Reached XP level 2. HP: 4/19 MP: 0/5
  1305 | D:1      | Gained mutation: You have a pair of small horns on your
                  | head. [demonic ancestry]
  1305 | D:1      | Reached XP level 3. HP: 24/24 MP: 4/6
  1764 | D:2      | Noticed Jessica
  1768 | D:2      | Killed Jessica
  1768 | D:2      | Reached XP level 4. HP: 31/31 MP: 5/8
  1827 | D:2      | Learned a level 3 spell: Conjure Flame
  2402 | D:2      | Gained mutation: You are surrounded by a mild repulsion
                  | field. (EV +2) [demonic ancestry]
  2402 | D:2      | Reached XP level 5. HP: 36/36 MP: 3/9
  3516 | D:3      | Found a faded altar of an unknown god.
  3622 | D:3      | Noticed a phantom
  3632 | D:3      | Killed a phantom
  3632 | D:3      | Reached skill level 1 in Maces & Flails
  3632 | D:3      | Reached XP level 6. HP: 33/42 MP: 3/11
  4191 | D:3      | Found a snail-covered altar of Cheibriados.
  4752 | D:4      | Reached XP level 7. HP: 45/47 MP: 0/13
  4996 | D:4      | Found a sand-covered staircase.
  5491 | D:4      | Found a faded altar of an unknown god.
  5495 | D:4      | Found a white marble altar of Elyvilon.
  5500 | D:4      | Found a faded altar of an unknown god.
  5502 | D:4      | Found a radiant altar of Vehumet.
  5512 | D:4      | Became a worshipper of Vehumet
  5514 | D:4      | Found a shattered altar of Ashenzari.
  5535 | D:5      | Entered Level 5 of the Dungeon
  5793 | D:5      | Reached skill level 5 in Fire Magic
  5798 | D:5      | Reached skill level 5 in Spellcasting
  5911 | D:5      | Noticed Pikel
  5926 | D:5      | Noticed Ijyb
  5943 | D:5      | HP: 1/47 [acid (12)]
  5952 | D:5      | Killed from afar by Ijyb

Levels and vault maps discovered:
D:1:      shiori_arrival_oz, layout_basic
D:2:      wad_crossroads, layout_basic, uniq_jessica
D:3:      layout_loops_corners, overflow_temple_1_default,
          chequers_ecumenical_altar_grove, first_ration
D:4:      layout_rooms, chequers_temple_overflow_minitemple,
          nicolae_ossuary_entry_catacombs, hangedman_abyss_or_decor_stagger
D:5:      layout_loops_ring, temple_hall_moat, basic_altar, uniq_ijyb,
          uniq_pikel

Skill      XL: |  1  2  3  4  5  6  7 |
---------------+----------------------+-----
Fire Magic     | 3 4 5 |  5.0
Stealth        | 2 |  2.7
Dodging        | 2 |  2.5
Spellcasting   | 3 4 5 |  5.0
Conjurations   | 2 3 4 |  4.0
Maces & Flails | 1 |  1.0
Fighting       | |  0.6
Shields        | |  0.4

Action                   |  1- 3 |  4- 6 |  7- 9 || total
-------------------------+-------+-------+-------++-------
Melee: Club              |    16 |       |       ||    16
       Mace              |     2 |    46 |     3 ||    51
       Headbutt          |       |     3 |       ||     3
 Cast: Flame Tongue      |    52 |   156 |    98 ||   306
       Conjure Flame     |       |     3 |     3 ||     6
Evoke: Wand              |       |       |     1 ||     1
  Use: Scroll            |     1 |     6 |     1 ||     8
       Potion            |     1 |     2 |     6 ||     9
  Eat: Ration            |     1 |     3 |     1 ||     5
Armor: Robe              |     6 |    46 |     5 ||    57
Dodge: Dodged            |    34 |    92 |    21 ||   147
Block: Buckler           |       |     9 |     7 ||    16

Table legend:
 A = Non-vault XP
 B = Vault XP
 C = Vault XP percentage of total XP
 D = Non-vault monster count
 E = Vault monster count
 F = Vault count percentage of total count
                 A         B        C        D         E       F
            +---------+---------+-------+---------+---------+-------
      Total |     953 |     296 |  23.7 |     108 |      11 |   9.2
            +---------+---------+-------+---------+---------+-------
        D:1 |      48 |       2 |   4.0 |      21 |       1 |   4.5
        D:2 |     127 |      41 |  24.4 |      29 |       4 |  12.1
        D:3 |     290 |       0 |   0.0 |      31 |       0 |   0.0
        D:4 |     279 |     253 |  47.6 |      18 |       6 |  25.0
        D:5 |     209 |       0 |   0.0 |       9 |       0 |   0.0
            +---------+---------+-------+---------+---------+-------
